 Dungeon Crawl Stone Soup version 0.26-a0-597-gb535b0901c (webtiles) character file.

Game seed: 6164908709151319228

12117 Alarkh the Grappler (level 11, -13/89 HPs)
             Began as a Demonspawn Fighter on Sept 3, 2020.
             Was a Follower of Uskayaw.
             Killed from afar by a lich (73 damage)
             ... with an iron shot
             ... on level 3 of the Abyss.
             The game lasted 00:22:36 (10387 turns).

Alarkh the Grappler (Demonspawn Fighter)           Turns: 10387, Time: 00:22:37

Health: -13/89     AC:  9    Str: 13    XL:     11   Next: 58%
Magic:  17/17      EV: 13    Int: 12    God:    Uskayaw [*.....]
Gold:   195        SH: 13    Dex: 13    Spells: 8/13 levels left

rFire    + . .     SeeInvis .     - Unarmed
rCold    . . .     Faith    .   E - +3 kite shield {reflect}
rNeg     . . .     Spirit   .   H - +3 leather armour {rF+}
rPois    +         Reflect  +   y - +0 helmet
rElec    +         Harm     .   C - +0 cloak
rCorr    .                      (no gloves)
MR       .....                  i - +0 pair of boots
Stlth    +.........             p - amulet of the acrobat
HPRegen  0.24/turn              L - +4 ring of evasion
MPRegen  0.15/turn              q - ring "Sobaerol" {rElec rPois}

@: mighty, hasted, lightly drained, very quick
A: claws 1, powered by death 2, [weak 2], sturdy frame 2
a: Stomp, Renounce Religion


You were on level 3 of the Abyss.
You worshipped Uskayaw.
Uskayaw was aware of your devotion.
You visited 3 branches of the dungeon, and saw 12 of its levels.
You visited the Abyss 1 time.
You also visited: Sewer.

You collected 722 gold pieces.
You spent 527 gold pieces at shops.

Inventory:

Hand Weapons
 M - the +9 long sword of the Wilderness {flame, MR+ Dex+4}
   (You found it on level 8 of the Dungeon)

   It has been specially enchanted to burn those struck by it, causing extra
   injury to most foes and up to half again as much damage against particularly
   susceptible opponents.
   Big, fiery blades are also staple armaments of hydra-hunters.
   It affects your dexterity (+4).
   It affects your resistance to hostile enchantments.
Armour
 a - a +0 scale mail
 b - a +0 kite shield
 i - a +0 pair of boots (worn)
 y - a +0 helmet (worn)
 C - a +0 cloak (worn)
 E - a +3 kite shield of reflection (worn)
 H - a +3 leather armour of fire resistance (worn)
Magical Staves
 t - an uncursed staff of poison
Jewellery
 k - an uncursed amulet of reflection
 n - a +6 ring of strength
 p - an amulet of the acrobat (around neck)
 q - the ring "Sobaerol" (right claw) {rElec rPois}
   (You bought it in a shop on level 9 of the Dungeon)

   [ring of poison resistance]

   It insulates you from electricity.
   It protects you from poison.
 L - a +4 ring of evasion (left claw)
Wands
 c - a wand of polymorph (21)
 m - a wand of random effects (18)
 G - a wand of flame (63)
Scrolls
 d - a scroll of noise
 e - 3 scrolls of remove curse
 g - 4 scrolls of amnesia {unknown}
 j - 3 scrolls of blinking
 r - 2 scrolls of identify
 u - 2 scrolls of fear {unknown}
 B - 4 scrolls of fog
 I - a scroll of magic mapping
 J - 3 scrolls of enchant weapon
 K - a scroll of immolation
 N - a scroll of brand weapon
Potions
 f - a potion of resistance
 h - 2 potions of haste
 l - 3 potions of brilliance
 o - 2 potions of degeneration
 s - 3 potions of mutation
 v - a potion of stabbing
 w - 4 potions of flight
 x - 4 potions of heal wounds
 D - a potion of magic
 F - 3 potions of lignification


   Skills:
 + Level 9.2(8.9) Fighting
 - Level 2.6(2.4) Armour
 + Level 8.4(8.1) Shields
 * Level 11.2(10.9) Unarmed Combat
 + Level 1.8(1.5) Spellcasting
 + Level 1.9(1.7) Transmutations
 + Level 8.3(8.0) Invocations


You had 8 spell levels left.
You knew the following spells:

 Your Spells              Type           Power        Failure   Level
a - Blade Hands           Tmut           #.........   100%        5

Your spell library contained the following spells:

 Spells                   Type           Power        Failure   Level
 Beastly Appendage        Tmut           #.....       34%         1
 Wereblood                Tmut           #.......     45%         2
 Sandblast                Erth           #.....       56%         1
 Passwall                 Tmut/Erth      #.......     58%         2
 Spider Form              Tmut/Pois      #.........   83%         3
 Stone Arrow              Conj/Erth      #.....       91%         3
 Ice Form                 Ice/Tmut       #.......     99%         4
 Petrify                  Tmut/Erth      #.......     99%         4
 Lee's Rapid Deconstruct  Erth           #.........   100%        5


Dungeon Overview and Level Annotations

Branches:
Dungeon (10/15)            Temple (1/1) D:4            Lair (1/6) D:10
  Sewer (visited)
    Orc: D:9-12

Altars:
Ashenzari
Cheibriados
Dithmenos
Elyvilon
Fedhas
Gozag
Hepliaklqana
Kikubaaqudgha
Makhleb
Nemelex Xobeh
Okawaru
Qazlal
Ru
Sif Muna
Trog
Uskayaw
Vehumet
Wu Jian
Xom
Yredelemnul
Zin
The Shining One

Shops:
D:5 [   D:9 *

Annotations:
D:1 1 exclusion
Lair:1 Sonja


Innate Abilities, Weirdness & Mutations

You have sharp fingernails.
You regenerate health from kills.
Your movements are less encumbered by armour. (ER -4)
[You are very weak. (Str -4)]


Message History

Found 15 stones.
Found a gateway leading deeper into the Abyss.
Press: ? - help, v - describe, . - travel A gateway leading deeper into the Abyss.
There is a gateway leading deeper into the Abyss here.
You plunge deeper into the Abyss.
The abyssal rune of Zot can be found at this depth.
A lich comes into view.
The lich shouts!
You feel very mighty all of a sudden. The lich casts a spell at you.
The bolt of fire misses you.
You feel yourself speed up. The lich touches you.
You feel drained.
You barely miss the lich. You scratch the lich.
The lich is lightly damaged.
The lich casts a spell at you. The iron shot hits you!!!!
Ouch! That really hurt!
You die...

###
#@#
#L#
+##


You could see a lich.

Vanquished Creatures
  Erica (D:9)
  4 two-headed ogres
  A black mamba (Lair:1)
  3 trolls
  Grinder (D:3)
  2 hippogriffs
  3 blink frogs (Lair:1)
  2 starcursed masses (Abyss:2)
  6 yaks
  2 wyverns
  Eustachio (D:5)
  A small abomination (Abyss:2)
  3 water moccasins
  2 porcupines (D:10)
  A sky beast (D:9)
  2 black bears
  2 orc warriors
  A phantom (D:8)
  4 ice beasts
  4 ogres
  A necrophage (D:6)
  2 centaurs
  A big kobold (Sewer)
  5 bullfrogs
  4 scorpions
  3 wights (D:9)
  9 howler monkeys
  An electric eel (Lair:1)
  4 jellies
  3 hounds
  A bullfrog skeleton (D:5)
  7 orc wizards
  6 orc priests
  Jessica (D:2)
  2 iguanas
  9 worker ants
  A killer bee zombie (D:6)
  A worker ant zombie (D:6)
  6 gnolls
  15 adders
  4 river rats (Sewer)
  2 shadow imps
  3 white imps
  14 oozes
  An adder skeleton (D:9)
  5 worms
  A dart slug (D:5)
  11 leopard geckos
  36 orcs
  7 ball pythons
  10 bats
  7 giant cockroaches
  7 goblins
  14 hobgoblins
  5 jackals
  28 kobolds
  3 quokkas
  6 frilled lizards
  A jackal skeleton (D:9)
  A leopard gecko skeleton (D:4)
  A quokka zombie (D:7)
  37 rats
332 creatures vanquished.

Vanquished Creatures (others)
  20 fungi
  21 plants
  11 toadstools (D:2)
52 creatures vanquished.

Grand Total: 384 creatures vanquished

Notes
Turn   | Place    | Note
-------+----------+-------------------------------------------
     0 | D:1      | Alarkh the Demonspawn Fighter began the quest for the Orb.
     0 | D:1      | Reached XP level 1. HP: 18/18 MP: 1/1
   176 | D:1      | Reached skill level 2 in Unarmed Combat
   209 | D:1      | Gained mutation: You regenerate a little health from kills.
                  | [demonic ancestry]
   209 | D:1      | Reached XP level 2. HP: 3/24 MP: 2/2
   670 | D:1      | Reached XP level 3. HP: 29/29 MP: 3/3
  1077 | D:2      | Reached skill level 3 in Unarmed Combat
  1123 | D:2      | Gained mutation: Your movements are slightly less
                  | encumbered by armour. (ER -2) [demonic ancestry]
  1123 | D:2      | Reached XP level 4. HP: 27/35 MP: 4/4
  1580 | D:2      | Gained mutation: You regenerate health from kills. [demonic
                  | ancestry]
  1580 | D:2      | Reached XP level 5. HP: 16/42 MP: 5/5
  1604 | D:2      | Reached skill level 4 in Unarmed Combat
  1725 | D:2      | Noticed Jessica
  1735 | D:2      | Killed Jessica
  2056 | D:3      | Reached XP level 6. HP: 47/48 MP: 6/6
  2085 | D:3      | Noticed Grinder
  2123 | D:3      | Paralysed by Grinder for 3 turns
  2128 | D:3      | Killed Grinder
  2139 | D:3      | Reached skill level 5 in Unarmed Combat
  2402 | D:3      | Reached XP level 7. HP: 55/55 MP: 7/7
  2617 | D:4      | Found a glowing drain.
  2621 | Sewer    | Entered a sewer
  2903 | Sewer    | Reached skill level 5 in Fighting
  3274 | D:4      | Found a glowing golden altar of the Shining One.
  3308 | D:4      | Found a staircase to the Ecumenical Temple.
  3321 | Temple   | Entered the Ecumenical Temple
  3579 | Temple   | Became a worshipper of Uskayaw the Reveler
  3786 | D:4      | Reached * piety under Uskayaw
  3787 | D:4      | Reached ** piety under Uskayaw
  3816 | D:4      | Reached *** piety under Uskayaw
  3817 | D:4      | Reached **** piety under Uskayaw
  3919 | D:4      | Reached skill level 6 in Unarmed Combat
  4322 | D:5      | Entered Level 5 of the Dungeon
  4336 | D:5      | Reached skill level 5 in Shields
  4336 | D:5      | Gained mutation: Your movements are less encumbered by
                  | armour. (ER -4) [demonic ancestry]
  4336 | D:5      | Reached XP level 8. HP: 60/63 MP: 8/8
  4472 | D:5      | Found a shattered altar of Ashenzari.
  4582 | D:5      | Noticed Eustachio
  4596 | D:5      | Killed Eustachio
  4671 | D:5      | Found Koem's Armour Shoppe.
  4702 | D:5      | Reached skill level 7 in Unarmed Combat
  4767 | D:5      | Bought a +0 kite shield of reflection for 119 gold pieces
  5452 | D:6      | Reached skill level 1 in Invocations
  5452 | D:6      | Gained mutation: You have sharp fingernails. [demonic
                  | ancestry]
  5452 | D:6      | Reached XP level 9. HP: 54/71 MP: 9/9
  6088 | D:7      | Found a white marble altar of Elyvilon.
  6188 | D:7      | Reached skill level 8 in Unarmed Combat
  6851 | D:8      | Noticed a two-headed ogre
  6859 | D:8      | Killed a two-headed ogre
  6923 | D:8      | Reached skill level 9 in Unarmed Combat
  7042 | D:8      | Got an ivory long sword
  7051 | D:8      | Reached XP level 10. HP: 79/79 MP: 13/13
  7053 | D:8      | Identified the +9 long sword of the Wilderness {flame, MR+
                  | Dex+4} (You found it on level 8 of the Dungeon)
  7064 | D:8      | Reached skill level 5 in Invocations
  7387 | D:9      | Noticed Erica
  7406 | D:9      | Killed Erica
  7612 | D:9      | Reached ***** piety under Uskayaw
  7724 | D:9      | Reached skill level 10 in Unarmed Combat
  8088 | D:9      | Found Temigisi's Serpentskin Sales.
  8103 | D:9      | Bought the ring "Sobaerol" {rElec rPois} for 408 gold
                  | pieces
  8243 | D:9      | Noticed a two-headed ogre
  9015 | D:9      | Killed a two-headed ogre
  9190 | D:10     | Entered Level 10 of the Dungeon
  9215 | D:10     | Noticed a two-headed ogre
  9230 | D:10     | Killed a two-headed ogre
  9230 | D:10     | Reached XP level 11. HP: 75/87 MP: 16/16
  9424 | D:10     | Found a staircase to the Lair.
  9577 | D:10     | Learned a level 5 spell: Blade Hands
  9630 | D:10     | Noticed a two-headed ogre
  9636 | D:10     | Killed a two-headed ogre
  9944 | Lair:1   | Entered Level 1 of the Lair of Beasts
  9959 | Lair:1   | Reached skill level 11 in Unarmed Combat
  9959 | Lair:1   | Reached skill level 1 in Spellcasting
  9959 | Lair:1   | Reached skill level 1 in Transmutations
 10082 | Lair:1   | Noticed Sonja
 10106 | Lair:1   | Cast into level 2 of the Abyss (Sonja)
 10235 | Abyss:2  | Noticed a great orb of eyes
 10244 | Abyss:2  | Noticed a starcursed mass
 10266 | Abyss:2  | Killed a starcursed mass
 10274 | Abyss:2  | Killed a starcursed mass
 10280 | Abyss:2  | Noticed a reaper
 10290 | Abyss:2  | Noticed a starcursed mass
 10300 | Abyss:2  | Noticed a large abomination
 10352 | Abyss:2  | Noticed a thrashing horror
 10370 | Abyss:2  | Noticed a wretched star
 10383 | Abyss:3  | Noticed a lich
 10387 | Abyss:3  | Killed from afar by a lich

Illustrated notes

Levels and vault maps discovered:
D:1:      sevenhm_arrival_forest_fort_large_2, layout_rooms, due_unseen_surprise
D:2:      cheibrodos_fertilizer, layout_basic, kennysheep_jessica_study
D:3:      layout_basic, minmay_circle_x, uniq_grinder
D:4:      layout_cave_pods, minmay_temple_entry_crystal_x, gup_sewer_entry_bowl,
          tso_metal_star
D:5:      layout_rooms, basic_altar, serial_rivers,
          chequers_serial_rivers_micro_a, chequers_serial_rivers_micro_d,
          chequers_serial_rivers_small_b, chequers_serial_rivers_small_b,
          chequers_serial_rivers_micro_e, chequers_serial_rivers_room_b,
          kennysheep_windowed_goal, uniq_eustachio
D:6:      layout_basic, hangedman_abyss_or_decor_passed
D:7:      layout_loops_corners, kennysheep_mini_moat, mrwooster_statue_mirror
D:8:      layout_rooms, minmay_diamond_spiral
D:9:      layout_grid_maze, guppyfry_shop_venom, uniq_erica
D:10:     layout_basic, grunt_lair_entry_orc_guard_hut,
          chequers_serial_rivers_large_b
Temple:   nicolae_temple_the_god_donut
Lair:1:   layout_chaotic_city, nicolae_quartered_pool_medium,
          serial_bayou_pond_b, st_stairs_10, uniq_sonja, uniq_prince_ribbit2
Abyss:3:  base: D:12, base: D:9, due_evilmike_abyss_rune_seething_liches

Skill      XL: |  1  2  3  4  5  6  7  8  9 10 11 |
---------------+----------------------------------+-----
Unarmed Combat | 2 3 4 5 6 7 9 10 11 | 11.2
Shields        | 3 4 5 6 7 8 |  8.4
Fighting       | 4 5 6 7 8 9 |  9.2
Invocations    | 1 4 7 8 |  8.3
Spellcasting   | 1 |  1.8
Transmutations | 1 |  1.9
Armour         | |  2.6

Action                   |  1- 3 |  4- 6 |  7- 9 | 10-12 || total
-------------------------+-------+-------+-------+-------++-------
Melee: Unarmed           |   193 |   317 |   593 |   349 ||  1452
Evoke: Wand              |       |       |       |     2 ||     2
  Use: Scroll            |     1 |     4 |     7 |    16 ||    28
       Potion            |     1 |     3 |     6 |     8 ||    18
 Stab: Paralysed         |       |       |    10 |    16 ||    26
       Sleeping          |       |       |     2 |     1 ||     3
       Invisible         |       |       |       |     2 ||     2
Armor: Scale mail        |    75 |   109 |   113 |       ||   297
       Skin              |       |       |     2 |     4 ||     6
       Leather armour    |       |       |    38 |    38 ||    76
Dodge: Dodged            |    36 |    72 |   151 |    71 ||   330
Block: Kite shield       |    99 |   263 |   470 |   236 ||  1068
       Reflection        |       |     1 |    12 |     7 ||    20

Table legend: (Time is in decaauts)
 A = Elapsed time spent in this place.
 B = Non-inter-level travel time spent in this place.
 C = Inter-level travel time spent in this place.
 D = Time resting spent in this place.
 E = Time spent auto-exploring this place.
 F = Levels seen in this place.
 G = Mean time per level.
                   A        B        C        D        E       F      G
               +--------+--------+--------+--------+--------+-----+--------+
         Total |  10316 |  10040 |    276 |    646 |   6745 |  15 |  687.7 |
       Dungeon |   9045 |   8810 |    235 |    639 |   6134 |  10 |  904.5 |
        Temple |    271 |    232 |     39 |      0 |    230 |   1 |  271.0 |
          Lair |    155 |    155 |      0 |      7 |     71 |   1 |  155.0 |
         Abyss |    274 |    274 |      0 |      0 |      0 |   2 |  137.0 |
         Sewer |    569 |    569 |      0 |      0 |    309 |   1 |  569.0 |
               +--------+--------+--------+--------+--------+-----+--------+

Top non-repeatable levels by time:
     D:9: 1579 daAuts
     D:2: 1080 daAuts
     D:4: 991 daAuts
     D:6: 954 daAuts
     D:1: 842 daAuts
     D:8: 781 daAuts
    D:10: 765 daAuts
     D:7: 720 daAuts
     D:5: 707 daAuts
     D:3: 622 daAuts
   Sewer: 569 daAuts
  Temple: 271 daAuts
 Abyss:2: 271 daAuts
  Lair:1: 155 daAuts
 Abyss:3: 3 daAuts
